HBL
IDAHO FALLS CHUKARS @ TACOMA RAINIERS
04/23/1997
 
TOP OF THE 1ST
Idaho Falls Chukars batting - Pitching for Tacoma Rainiers : RHP Greg Keagle
Pitching: RHP Greg Keagle
Batting: LHB Wayne Kirby 0-0: Fly out, F8 (Flyball, 8LD, EV 106.9 MPH)
Batting: LHB Dwight Smith 0-0: Ball
1-0: Ball
2-0: Called Strike
2-1: Ball
3-1: SOLO HOME RUN (Flyball, 89XD, EV 111.9 MPH), Distance : 421 ft
Batting: LHB Tyler Houston 0-0: Ball
1-0: Fly out, F7 (Flyball, 78S, EV 94.4 MPH)
Batting: LHB Rico Brogna 0-0: Ball
1-0: Called Strike
1-1: Ball
2-1: Called Strike
2-2: Foul Ball, location: 2F
2-2: Ball
3-2: Base on Balls
Batting: RHB Mark Lewis 0-0: Ground out 4-3 (Groundball, 4, EV 80.6 MPH)
Top of the 1st over - 1 run, 1 hit, 0 errors, 1 left on base; Idaho Falls 1 - Tacoma 0
BOTTOM OF THE 1ST
Tacoma Rainiers batting - Pitching for Idaho Falls Chukars : RHP Amaury Telemaco
Pitching: RHP Amaury Telemaco
Batting: SHB Chad Fonville 0-0: Ball
1-0: Ball
2-0: Called Strike
2-1: Foul Ball, location: 2F
2-2: Foul Ball, location: 2F
2-2: Fly out, F7 (Flyball, 78S, EV 87.5 MPH)
Batting: LHB Daryl Boston 0-0: Swinging Strike
0-1: Swinging Strike
0-2: Ball
1-2: Ball
2-2: Strikes out swinging
Batting: LHB Chito Martinez 0-0: Ball
1-0: Foul Ball, location: 2F
1-1: Swinging Strike
1-2: Foul Ball, location: 2F
1-2: Ball
2-2: Strikes out looking
Bottom of the 1st over - 0 runs, 0 hits, 0 errors, 0 left on base; Idaho Falls 1 - Tacoma 0
TOP OF THE 2ND
Idaho Falls Chukars batting - Pitching for Tacoma Rainiers : RHP Greg Keagle
Batting: SHB Marcus Jensen 0-0: Ball
1-0: SINGLE (Groundball, 6D, EV 96.9 MPH)
Batting: LHB Darren Daulton 0-0: Foul Ball, location: 2F
0-1: Foul Ball, location: 2F
0-2: Foul Ball, location: 2F
0-2: Strikes out swinging
Batting: RHB Les Norman 0-0: Ball
1-0: Swinging Strike
1-1: Ball
2-1: SINGLE (Line Drive, 6D, EV 95.0 MPH)
Marcus Jensen to second
Batting: RHB Takahiro Suzuki 0-0: Called Strike
0-1: Called Strike
0-2: Ball
1-2: Ball
2-2: Strikes out looking
Batting: LHB Wayne Kirby 0-0: Ball
Wild Pitch!
Marcus Jensen to third
Les Norman to second
1-0: Foul Ball, location: 2F
1-1: Ball
2-1: SINGLE (Groundball, 34D, EV 95.6 MPH)
Marcus Jensen scores
Les Norman to third
Throwing error, E9
Les Norman scores
Wayne Kirby to second
Batting: LHB Dwight Smith 0-0: Called Strike
0-1: Ball
1-1: Swinging Strike
1-2: Strikes out swinging
Top of the 2nd over - 2 runs, 3 hits, 1 error, 1 left on base; Idaho Falls 3 - Tacoma 0
BOTTOM OF THE 2ND
Tacoma Rainiers batting - Pitching for Idaho Falls Chukars : RHP Amaury Telemaco
Batting: RHB Russ Davis 0-0: Called Strike
0-1: Ball
1-1: Ground out 4-3 (Groundball, 4S, EV 68.8 MPH)
Batting: SHB Micah Franklin 0-0: Called Strike
0-1: Ball
1-1: Ball
2-1: Ball
3-1: Base on Balls
Batting: RHB Jose Guillen 0-0: Called Strike
0-1: Ball
1-1: SINGLE (Groundball, 6MD, EV 103.1 MPH)
Micah Franklin to second
Batting: LHB Mario Valdez 0-0: Swinging Strike
0-1: SINGLE (Groundball, 4MD, EV 106.3 MPH)
Micah Franklin to third
Jose Guillen to second
Runner from 3rd tries for Home, SAFE, throw by CF to home
Batting: RHB Eric Young 0-0: Fielders Choice at 2nd, 5-4 (Groundball, 5S, EV 79.4 MPH)
Jose Guillen to third
Batting: LHB Greg O'Halloran 0-0: Ball
1-0: Ball
2-0: Foul Ball, location: 2F
2-1: Ball
3-1: Called Strike
3-2: Foul Ball, location: 2F
3-2: Base on Balls
Eric Young to second
Batting: SHB Chad Fonville 0-0: Swinging Strike
0-1: Ball
1-1: Called Strike
1-2: Ball
2-2: Fielders Choice at 2nd, 6-4 (Groundball, 6, EV 82.5 MPH)
Bottom of the 2nd over - 1 run, 2 hits, 0 errors, 3 left on base; Idaho Falls 3 - Tacoma 1
TOP OF THE 3RD
Idaho Falls Chukars batting - Pitching for Tacoma Rainiers : RHP Greg Keagle
Batting: LHB Tyler Houston 0-0: Reached on error, E3 (Groundball, 3, EV 84.4 MPH)
Batting: LHB Rico Brogna 0-0: SINGLE (Line Drive, 89M, EV 97.5 MPH)
Tyler Houston to second
Runner from 2nd tries for 3rd, SAFE, throw by RF made to third
Batting: RHB Mark Lewis 0-0: Called Strike
0-1: Ball
1-1: Swinging Strike
1-2: Foul Ball, location: 2F
1-2: Strikes out swinging
Batting: SHB Marcus Jensen 0-0: Called Strike
0-1: Swinging Strike
0-2: Strikes out swinging
Batting: LHB Darren Daulton 0-0: Called Strike
0-1: Ball
1-1: Foul Ball, location: 2F
1-2: Foul Ball, location: 2F
1-2: SINGLE (Line Drive, 89S, EV 93.1 MPH)
Tyler Houston scores
Rico Brogna to second
Runner from 2nd tries for 3rd, SAFE, throw by RF made to third
Batting: RHB Les Norman 0-0: Foul Ball, location: 2F
0-1: Ball
1-1: Ball
2-1: Foul Ball, location: 2F
2-2: Ball
3-2: Ground out 1-3 (Groundball, 13S, EV 73.1 MPH)
Top of the 3rd over - 1 run, 2 hits, 1 error, 2 left on base; Idaho Falls 4 - Tacoma 1
BOTTOM OF THE 3RD
Tacoma Rainiers batting - Pitching for Idaho Falls Chukars : RHP Amaury Telemaco
Batting: LHB Daryl Boston 0-0: Ball
1-0: Swinging Strike
1-1: Ball
2-1: Foul Ball, location: 2F
2-2: Foul Ball, location: 2F
2-2: Strikes out swinging
Batting: LHB Chito Martinez 0-0: Ball
1-0: Ball
2-0: Called Strike
2-1: Foul Ball, location: 2F
2-2: Foul Ball, location: 2F
2-2: Ground out 4-3 (Groundball, 4, EV 101.9 MPH)
Batting: RHB Russ Davis 0-0: Called Strike
0-1: Ball
1-1: Ball
2-1: Foul Ball, location: 2F
2-2: SINGLE (Groundball, 6MD, EV 108.1 MPH)
Batting: SHB Micah Franklin 0-0: SINGLE (Flyball, 7LM, EV 91.9 MPH)
Russ Davis to second
Batting: RHB Jose Guillen 0-0: Called Strike
0-1: Called Strike
0-2: Strikes out swinging
Bottom of the 3rd over - 0 runs, 2 hits, 0 errors, 2 left on base; Idaho Falls 4 - Tacoma 1
TOP OF THE 4TH
Idaho Falls Chukars batting - Pitching for Tacoma Rainiers : RHP Greg Keagle
Batting: RHB Takahiro Suzuki 0-0: Ground out 6-3 (Groundball, 6, EV 100.6 MPH)
Batting: LHB Wayne Kirby 0-0: Called Strike
0-1: Ball
1-1: Called Strike
1-2: Ground out 6-3 (Groundball, 4M, EV 88.1 MPH)
Batting: LHB Dwight Smith 0-0: Ball
1-0: Ball
2-0: Ball
3-0: Base on Balls
Batting: LHB Tyler Houston 0-0: Foul Ball, location: 2F
0-1: Foul Ball, location: 2F
0-2: Strikes out looking
Top of the 4th over - 0 runs, 0 hits, 0 errors, 1 left on base; Idaho Falls 4 - Tacoma 1
BOTTOM OF THE 4TH
Tacoma Rainiers batting - Pitching for Idaho Falls Chukars : RHP Amaury Telemaco
Batting: LHB Mario Valdez 0-0: Ball
1-0: Foul Ball, location: 2F
1-1: Fly out, F8 (Line Drive, 8RM, EV 98.1 MPH)
Batting: RHB Eric Young 0-0: Ball
1-0: Swinging Strike
1-1: Ball
2-1: Ball
3-1: Fly out, F4 (Popup, 13, EV 75.6 MPH)
Batting: LHB Greg O'Halloran 0-0: Called Strike
0-1: Swinging Strike
0-2: Strikes out swinging
Bottom of the 4th over - 0 runs, 0 hits, 0 errors, 0 left on base; Idaho Falls 4 - Tacoma 1
TOP OF THE 5TH
Idaho Falls Chukars batting - Pitching for Tacoma Rainiers : RHP Greg Keagle
Batting: LHB Rico Brogna 0-0: Foul Ball, location: 2F
0-1: Swinging Strike
0-2: Ball
1-2: Strikes out swinging
Batting: RHB Mark Lewis 0-0: Called Strike
0-1: Fly out, F8 (Flyball, 89D, EV 93.8 MPH)
Batting: SHB Marcus Jensen 0-0: Foul Ball, location: 2F
0-1: Ball
1-1: Swinging Strike
1-2: Ball
2-2: Foul Ball, location: 2F
2-2: Foul Ball, location: 2F
2-2: Strikes out looking
Top of the 5th over - 0 runs, 0 hits, 0 errors, 0 left on base; Idaho Falls 4 - Tacoma 1
BOTTOM OF THE 5TH
Tacoma Rainiers batting - Pitching for Idaho Falls Chukars : RHP Amaury Telemaco
Batting: SHB Chad Fonville 0-0: Called Strike
0-1: Ball
1-1: Ground out 2-3 (Groundball, 2L, EV 66.9 MPH)
Batting: LHB Daryl Boston 0-0: Ball
1-0: Called Strike
1-1: Ground out 4-3 (Groundball, 4, EV 82.5 MPH)
Batting: LHB Chito Martinez 0-0: Ball
1-0: Foul Ball, location: 2F
1-1: Ball
2-1: Foul Ball, location: 2F
2-2: Foul Ball, location: 2F
2-2: Ball
3-2: Fly out, F8 (Flyball, 8LS, EV 79.4 MPH)
Bottom of the 5th over - 0 runs, 0 hits, 0 errors, 0 left on base; Idaho Falls 4 - Tacoma 1
TOP OF THE 6TH
Idaho Falls Chukars batting - Pitching for Tacoma Rainiers : RHP Greg Keagle
Pitching: RHP Carlos Reyes
Batting: LHB Darren Daulton 0-0: Ball
1-0: Foul Ball, location: 2F
1-1: Swinging Strike
1-2: Foul Ball, location: 2F
1-2: Reached on error, E4 (Groundball, 4, EV 89.4 MPH)
Batting: RHB Les Norman 0-0: Ball
1-0: Called Strike
1-1: Called Strike
1-2: SINGLE (Flyball, 78S, EV 90.0 MPH)
Darren Daulton to second
Batting: RHB Takahiro Suzuki 0-0: Ball
1-0: Sac Bunt to 5S - play at first, batter OUT! 5-4
Darren Daulton to third
Les Norman to second
Batting: LHB Wayne Kirby 0-0: Foul Ball, location: 2F
0-1: Ground out 5-3 (Groundball, 5L, EV 83.8 MPH)
Batting: LHB Dwight Smith 0-0: Ball
1-0: Ball
2-0: Ball
3-0: Called Strike
3-1: Base on Balls
Batting: LHB Tyler Houston 0-0: SINGLE (Flyball, 9S, EV 93.1 MPH)
Darren Daulton scores
Les Norman to third
Dwight Smith to second
Pitching: LHP Jeff Wallace
Batting: LHB Rico Brogna 0-0: Called Strike
0-1: Foul Ball, location: 2F
0-2: Foul Ball, location: 2F
0-2: Ball
1-2: Ground out 4-3 (Groundball, 4, EV 101.3 MPH)
Top of the 6th over - 1 run, 2 hits, 1 error, 3 left on base; Idaho Falls 5 - Tacoma 1
BOTTOM OF THE 6TH
Tacoma Rainiers batting - Pitching for Idaho Falls Chukars : RHP Amaury Telemaco
Batting: RHB Russ Davis 0-0: Ball
1-0: SINGLE (Flyball, 89S, EV 92.5 MPH)
Batting: SHB Micah Franklin 0-0: Ball
1-0: Ball
2-0: Called Strike
2-1: Foul Ball, location: 2F
2-2: Foul Ball, location: 2F
2-2: Ball
3-2: DOUBLE (Flyball, 89XD, EV 106.9 MPH)
Russ Davis to third
Batting: RHB Jose Guillen 0-0: Called Strike
0-1: Swinging Strike
0-2: Ball
1-2: SINGLE (Line Drive, 9S, EV 93.8 MPH)
Russ Davis scores
Micah Franklin to third
Batting: LHB Mario Valdez 0-0: Called Strike
0-1: Ball
1-1: Ball
2-1: Ball
3-1: Swinging Strike
3-2: Fly out, F7 (Line Drive, 7D, EV 87.5 MPH)
Runner from 3rd tags up, SCORES, no throw by LF
Pitching: RHP Steve Falteisek
Batting: RHB Eric Young 0-0: Swinging Strike
0-1: Ball
1-1: Foul Ball, location: 2F
1-2: Hit by Pitch
Jose Guillen to second
Batting: LHB Greg O'Halloran 0-0: Ball
1-0: Ball
2-0: Ball
3-0: Base on Balls
Jose Guillen to third
Eric Young to second
Batting: SHB Chad Fonville 0-0: Ball
1-0: Foul Ball, location: 2F
1-1: Foul Ball, location: 2F
1-2: Foul Ball, location: 2F
1-2: Grounds into fielders choice 5-2 (Groundball, 56S, EV 80.6 MPH)
Eric Young to third
Greg O'Halloran to second
Batting: LHB Daryl Boston 0-0: Ball
1-0: Ball
2-0: Ball
3-0: Called Strike
3-1: Swinging Strike
3-2: Foul Ball, location: 2F
3-2: Base on Balls
Eric Young scores
Greg O'Halloran to third
Chad Fonville to second
Batting: LHB Chito Martinez 0-0: Foul Ball, location: 2F
0-1: Ball
1-1: Foul Ball, location: 2F
1-2: Ball
2-2: Foul Ball, location: 2F
2-2: SINGLE (Line Drive, 5D, EV 106.3 MPH)
Greg O'Halloran scores
Chad Fonville to third
Daryl Boston to second
Runner from 3rd tries for Home, throw by LF and OUT! 7-2
Bottom of the 6th over - 4 runs, 4 hits, 0 errors, 2 left on base; Idaho Falls 5 - Tacoma 5
TOP OF THE 7TH
Idaho Falls Chukars batting - Pitching for Tacoma Rainiers : LHP Jeff Wallace
Batting: RHB Mark Lewis 0-0: Ball
1-0: Ball
2-0: Foul Ball, location: 2F
2-1: Called Strike
2-2: Foul Ball, location: 2F
2-2: Foul Ball, location: 2F
2-2: Foul Ball, location: 2F
2-2: Ball
3-2: Fly out, F8 (Line Drive, 8RM, EV 98.1 MPH)
Batting: SHB Marcus Jensen 0-0: Ball
1-0: Ground out 6-3 (Groundball, 6, EV 85.0 MPH)
Batting: LHB Darren Daulton 0-0: Called Strike
0-1: Ball
1-1: Ball
2-1: Foul Ball, location: 2F
2-2: Ball
3-2: Base on Balls
Pitching: RHP Greg McMichael
Batting: RHB Les Norman 0-0: Ball
1-0: Called Strike
1-1: Fly out, F9 (Line Drive, 9, EV 85.6 MPH)
Top of the 7th over - 0 runs, 0 hits, 0 errors, 1 left on base; Idaho Falls 5 - Tacoma 5
BOTTOM OF THE 7TH
Tacoma Rainiers batting - Pitching for Idaho Falls Chukars : RHP Steve Falteisek
Batting: RHB Russ Davis 0-0: Foul Ball, location: 2F
0-1: Fly out, F8 (Flyball, 8LD, EV 100.0 MPH)
Batting: SHB Micah Franklin 0-0: Foul Ball, location: 2F
0-1: Ball
1-1: Ball
2-1: Ball
3-1: Base on Balls
Pitching: RHP John Johnstone
Batting: RHB Jose Guillen 0-0: Called Strike
0-1: Foul Ball, location: 2F
0-2: SINGLE (Line Drive, 78S, EV 96.3 MPH)
Micah Franklin to second
Batting: LHB Mario Valdez 0-0: Foul Ball, location: 2F
0-1: Ball
1-1: Ball
2-1: Foul Ball, location: 2F
2-2: Strikes out swinging
Batting: RHB Eric Young 0-0: SINGLE (Groundball, 56D, EV 102.5 MPH)
Micah Franklin to third
Jose Guillen to second
Runner from 3rd tries for Home, SAFE, no throw by LF
Pinch Runner at 2nd Mike R Kelly:
Batting: LHB Greg O'Halloran 0-0: Ball
1-0: Foul Ball, location: 2F
1-1: SINGLE (Groundball, 56, EV 103.8 MPH) (infield hit)
Mike R Kelly to third
Eric Young to second
Batting: SHB Chad Fonville 0-0: Ball
1-0: Foul Ball, location: 2F
1-1: Foul Ball, location: 2F
1-2: Strikes out swinging
Bottom of the 7th over - 1 run, 3 hits, 0 errors, 3 left on base; Idaho Falls 5 - Tacoma 6
TOP OF THE 8TH
Idaho Falls Chukars batting - Pitching for Tacoma Rainiers : RHP Greg McMichael
Now in LF: Trey Beamon
Batting: RHB Takahiro Suzuki 0-0: Ball
1-0: Called Strike
1-1: Ball
2-1: Ball
3-1: Base on Balls
Batting: LHB Wayne Kirby 0-0: Ball
1-0: Foul Ball, location: 2F
1-1: Called Strike
1-2: Ball
2-2: Ball
3-2: Base on Balls
Takahiro Suzuki to second
Batting: LHB Dwight Smith 0-0: Called Strike
0-1: Foul Ball, location: 2F
0-2: Fly out, F7 (Line Drive, 7D, EV 94.4 MPH)
Batting: LHB Tyler Houston 0-0: Called Strike
0-1: Ball
1-1: Fly out, F8 (Flyball, 78S, EV 88.1 MPH)
Pitching: RHP Tavo Alvarez
Batting: LHB Rico Brogna 0-0: Ball
1-0: Ground out 4-3 (Groundball, 4, EV 81.3 MPH)
Top of the 8th over - 0 runs, 0 hits, 0 errors, 2 left on base; Idaho Falls 5 - Tacoma 6
BOTTOM OF THE 8TH
Tacoma Rainiers batting - Pitching for Idaho Falls Chukars : RHP John Johnstone
Batting: LHB Daryl Boston 0-0: Called Strike
0-1: Called Strike
0-2: Ground out 1-3 (Groundball, 13, EV 67.5 MPH)
Batting: LHB Chito Martinez 0-0: Ball
1-0: Foul Ball, location: 2F
1-1: Foul Ball, location: 2F
1-2: Ball
2-2: Ball
3-2: Foul Ball, location: 2F
3-2: Ground out U3 (Groundball, 3, EV 87.5 MPH)
Batting: RHB Russ Davis 0-0: Ball
1-0: Called Strike
1-1: Ground out 4-3 (Groundball, 4, EV 81.3 MPH)
Bottom of the 8th over - 0 runs, 0 hits, 0 errors, 0 left on base; Idaho Falls 5 - Tacoma 6
TOP OF THE 9TH
Idaho Falls Chukars batting - Pitching for Tacoma Rainiers : RHP Tavo Alvarez
Now at 1B: Ron Coomer
Now at 3B: Jason Bates
Batting: RHB Mark Lewis 0-0: Called Strike
0-1: Ball
1-1: Foul Ball, location: 2F
1-2: Ball
2-2: Strikes out swinging
Batting: SHB Marcus Jensen 0-0: Called Strike
0-1: Ball
1-1: Ground out 4-3 (Groundball, 34D, EV 81.9 MPH)
Batting: LHB Darren Daulton 0-0: Ball
1-0: Called Strike
1-1: Ball
2-1: SINGLE (Line Drive, 4M, EV 95.0 MPH)
Batting: RHB Les Norman 0-0: Ball
1-0: Ball
2-0: Ball
3-0: Base on Balls
Darren Daulton to second
Pinch Hitting: RHB Dax Jones 0-0: Called Strike
0-1: Called Strike
0-2: Fielders Choice at 2nd, 6-4 (Groundball, 6, EV 83.8 MPH)
Top of the 9th over - 0 runs, 1 hit, 0 errors, 2 left on base; Idaho Falls 5 - Tacoma 6
Friday, January 30th, 2026 - OOTP Baseball 20.8 Build 74